cohdb
Replays
Latest Replays
All Replays
Popular Replays
Top Player Replays
Match Explorer
How It Works
Community
CoH3 Stats
Reddit
Sign in to upload your games and track your stats! →
Sign in with Steam
Match 44271381
Unlisted
Match 44271381
Overview
Messages
Build Orders
End
Construct Infanterie Kompanie
Selects Luftwaffe Battlegroup
Selects Luftwaffe Pioneer Support
Fallschirmpioneer Squad Paradrop
MG 42 Machine Gun Team
GrW 34 Mortar Team
MG 42 Machine Gun Team
Selects Stuka Strafing Run
Construct Luftwaffe Kompanie
Jäger Squad
Selects Fallschirmjäger Squad Paradrop
Jäger Squad
Fallschirmjäger Squad Paradrop
Medical Station
Construct Panzer Kompanie
Selects Stuka Loiter
Jäger Squad
Panzer IV Medium Tank
Selects LG40 Recoilless Gun Paradrop
Pioneer Squad
Fallschirmjäger Squad Paradrop
Stuka Loiter
Alleyviper
SnakeEyes
SgtSlaughter
StormShadow
Howi
bigcheese
能力越小 责任越少
KT6790
0
0
Comments
sign in to comment!
No comments posted yet!